 Dungeon Crawl Stone Soup version 0.31.0-12-g77e489cdc1 (webtiles) character file.

Game seed: 55033130828987394

15419 roosipov the Thaumaturge (level 12, -7/64 HPs)
             Began as a Deep Elf Conjurer on Feb 16, 2024.
             Was a High Priest of Sif Muna.
             Engulfed by a cloud of freezing vapour (20 damage)
             ... in an ice cave.
             The game lasted 01:49:01 (15180 turns).

roosipov the Thaumaturge (Deep Elf Conjurer)       Turns: 15180, Time: 01:49:02

Health: -7/64      AC:  8    Str:  4    XL:     12   Next: 1%
Magic:  41/41      EV: 13    Int: 29    God:    Sif Muna [*****.]
Gold:   1151       SH:  0    Dex: 13    Spells: 17/40 levels left

rFire   . . .        q - staff of conjuration
rCold   . . .        (no shield)
rNeg    . . .        d - +2 leather armour {rPois}
rPois   +            E - +0 helmet
rElec   .            (no cloak)
rCorr   .            I - +0 pair of gloves
SInv    +            r - +0 pair of boots
Will    +....        n - amulet of faith
Stlth   +++          A - ring of poison resistance
HPRegen 0.30/turn    J - ring of magical power
MPRegen 0.27/turn

%: clarity, faith
@: no status effects
A: see invisible, clarity, inhibited regeneration, sturdy frame 1
a: Renounce Religion, Channel Magic, Forget Spell, Divine Exegesis


You were in an ice cave.
You worshipped Sif Muna.
Sif Muna was extremely pleased with you.
You visited 2 branches of the dungeon, and saw 12 of its levels.
You also visited: Sewer and Ice Cave.

You collected 1151 gold pieces.

Inventory:

Armour
 d - a +2 leather armour of poison resistance (worn)
 r - a +0 pair of boots (worn)
 E - a +0 helmet (worn)
 H - a +2 leather armour of cold resistance
 I - a +0 pair of gloves (worn)
Magical Staves
 q - a staff of conjuration (weapon)
Jewellery
 k - a ring of ice
 n - an amulet of faith (around neck)
 A - a ring of poison resistance (left hand)
 G - a ring of fire
 J - a ring of magical power (right hand)
 L - an amulet of the acrobat
Wands
 l - a wand of charming (11)
 K - a wand of iceblast (4)
Scrolls
 a - 2 scrolls of amnesia {unknown}
 f - a scroll of poison {unknown}
 j - 3 scrolls of teleportation
 m - a scroll of immolation {unknown}
 t - a scroll of summoning
 u - a scroll of revelation {unknown}
 v - 4 scrolls of enchant armour
 x - a scroll of enchant weapon
 y - 2 scrolls of fog
 B - a scroll of fear
 C - a scroll of noise {unknown}
 D - 5 scrolls of identify
Potions
 b - a potion of magic
 c - 3 potions of might
 e - a potion of ambrosia {unknown}
 g - a potion of lignification {unknown}
 h - 7 potions of curing
 i - 2 potions of berserk rage {unknown}
 o - 2 potions of heal wounds
 p - 3 potions of brilliance
 s - a potion of resistance {unknown}
 w - 2 potions of cancellation
 z - 2 potions of haste
 F - a potion of enlightenment {unknown}


   Skills:
 + Level 2.5 Fighting
 + Level 3.0 Staves
 + Level 2.4 Armour
 + Level 4.8 Dodging
 + Level 5.6 Stealth
 + Level 14.7 Spellcasting
 + Level 12.7 Conjurations
 + Level 0.2 Hexes
 + Level 6.1 Translocations
 * Level 4.3 Fire Magic
 + Level 3.5 Alchemy
 + Level 2.1 Invocations
 + Level 3.7 Evocations


You had 17 spell levels left.
You knew the following spells:

 Your Spells              Type           Power      Damage    Failure   Level
a - Magic Dart            Conj           100%       1d8       0%          1
b - Searing Ray           Conj           100%       2d8       1%          2
c - Fulminant Prism       Conj/Alch      40%        3d19      1%          4
d - Iskenderun's Mystic   Conj/Tloc      85%        2d17      1%          4
e - Volatile Blastmotes   Fire/Tloc      100%       2d18      1%          3
f - Starburst             Conj/Fire      41%        6d12      12%         6
g - Dazzling Flash        Conj/Hex       100%       N/A       1%          3

Your spell library contained the following spells:

 Spells                   Type           Power      Damage    Failure   Level
 Apportation              Tloc           100%       N/A       1%          1
 Kiss of Death            Conj/Necr      100%       2d13      1%          1
 Sting                    Conj/Alch      100%       1d9       1%          1
 Manifold Assault         Tloc           55%        N/A       1%          4
 Necrotise                Necr           84%        1d8       2%          1
 Summon Small Mammal      Summ           84%        N/A       2%          1
 Jinxbite                 Hex            44%        N/A       3%          2
 Confusing Touch          Hex            22%        N/A       7%          3
 Fugue of the Fallen      Necr           21%        N/A       8%          3
 Ozocubu's Armour         Ice            21%        N/A       8%          3
 Alistair's Intoxication  Alch           27%        N/A       17%         5
 Dispel Undead            Necr           21%        3d11      26%         4
 Maxwell's Capacitive Co  Air            10%        ∞         100%        8


Dungeon Overview and Level Annotations

Branches:
Dungeon (11/15)            Temple (1/1) D:5            Lair (0/5) D:11
  Sewer (visited)           IceCv (1/1)
    Orc: D:9-12

Altars:
Ashenzari
Cheibriados
Dithmenos
Elyvilon
Fedhas
Gozag
Hepliaklqana
Kikubaaqudgha
Makhleb
Nemelex Xobeh
Okawaru
Qazlal
Ru
Sif Muna
Trog
Uskayaw
Vehumet
Wu Jian
Xom
Yredelemnul
Zin
The Shining One

Shops:
D:5 [

Annotations:
Temple 2 transporters


Innate Abilities, Weirdness & Mutations

You have supernaturally acute eyesight. (SInv)
You possess an exceptional clarity of mind.
You do not regenerate when monsters are visible.
Your movements are slightly less encumbered by armour. (ER -2)


Message History

Confirm with . or Enter, or press ? or * to list all spells.
You feel a surge of power!
You erupt in a blast of force!
The mystic blast hits the yak!!
You kill the yak!
Sif Muna accepts your kill.
You have reached level 12!
You feel clever.
You start resting.
HP restored.
Things that are here:
a yak corpse; a wolf corpse; a polar bear corpse You start resting.
Magic restored.
Things that are here:
a yak corpse; a wolf corpse
D - 5 scrolls of identify (gained 3)
You now have 1151 gold pieces (gained 13).
L - an amulet of the acrobat
There are no items here.
You see here the +0 plate armour of Makhleb's Delight {rN+ Str+2}.
You are engulfed in freezing vapours.
You are engulfed in freezing vapours.
You start resting.
HP restored.
You are engulfed in freezing vapours.
You start resting.
You are engulfed in freezing vapours.
You start resting.
You are engulfed in freezing vapours.
You are engulfed in freezing vapours.
You see here the +0 plate armour of Makhleb's Delight {rN+ Str+2}.
You start resting.
You are engulfed in freezing vapours.
You are engulfed in freezing vapours.
* * * LOW HITPOINT WARNING * * *
You feel much better.
You are engulfed in freezing vapours.
* * * LOW HITPOINT WARNING * * *
You start resting.
You are engulfed in freezing vapours.
You die...

#.# .. ##.# #.. #.##
##☼○# #### ##§#.#
##..# ##§##.##
###...# #§#@#..#
##.#†#.#
##§###.#####.†.##.#
##§#.##.##.#.#.##.#
##§§§§☼#.#....#.#.###
#○§§§§§#...#.####.#≈≈
#☼§§§§☼##.######†#≈≈#
##§.§☼..####....#≈≈##
#☼○○§☼.###.####≈≈###
#.☼..§##..##.##≈##..


There were no monsters in sight!

Vanquished Creatures
  2 two-headed ogres (D:9)
  A death yak (IceCv)
  Amaemon (D:9)
  Lodul (D:10)
  A cyclops (D:10)
  A manticore (D:11)
  The ghost of Doomgape the Trooper, a novice GrFi (D:6)
  An orange demon (D:9)
  Psyche (D:9)
  6 polar bears (IceCv)
  A troll (D:10)
  Sigmund (D:2)
  3 steam dragons
  19 yaks
  2 water moccasins
  An acid dragon (D:9)
  Duvessa (D:4)
  2 orc warriors
  3 ice beasts (D:6)
  4 black bears
  14 wolves (IceCv)
  8 ogres (D:10)
  A phantom (D:6)
  3 centaurs
  2 kobold brigands (D:7)
  2 bullfrogs
  4 scorpions
  A gnoll sergeant (D:9)
  6 wights
  Dowan (D:4)
  8 killer bees
  A howler monkey (D:6)
  An electric eel (D:10)
  10 orc priests
  3 hounds
  2 gnoll boudas
  4 jellies
  A sleepcap (D:7)
  2 iguanas
  A hell rat (Sewer)
  Natasha (thrice) (D:2)
  18 orc wizards
  A bullfrog simulacrum (D:6)
  2 killer bee simulacra (D:6)
  7 adders
  17 gnolls
  A river rat (Sewer)
  2 shadow imps
  2 white imps (D:6)
  A howler monkey simulacrum (D:6)
  2 ufetubi (D:6)
  5 dart slugs
  4 ribbon worms
  43 orcs
  8 bats
  5 endoplasms
  A giant cockroach (D:2)
  9 goblins
  13 hobgoblins
  11 kobolds
  3 quokkas
  5 ball pythons
  3 frilled lizards (D:2)
  11 rats
305 creatures vanquished.

Vanquished Creatures (others)
  25 fulminant prisms
25 creatures vanquished.

Grand Total: 330 creatures vanquished

Notes
Turn   | Place    | Note
-------+----------+-------------------------------------------
     0 | D:1      | roosipov the Deep Elf Conjurer began the quest for the Orb.
     0 | D:1      | Reached XP level 1. HP: 10/10 MP: 6/6
   313 | D:1      | Reached XP level 2. HP: 15/15 MP: 2/8
   526 | D:1      | Reached skill level 5 in Conjurations
   966 | D:2      | Noticed Natasha
   971 | D:2      | Learned a level 2 spell: Searing Ray
   979 | D:2      | Killed Natasha
   980 | D:2      | Reached XP level 3. HP: 9/19 MP: 2/9
   985 | D:2      | Noticed Natasha
  1043 | D:2      | Killed Natasha
  1044 | D:2      | Reached XP level 4. HP: 15/24 MP: 4/11
  1263 | D:2      | Noticed Natasha
  1266 | D:2      | Killed Natasha
  1509 | D:2      | Noticed Sigmund
  1527 | D:2      | Killed Sigmund
  1528 | D:2      | Reached skill level 1 in Armour
  1528 | D:2      | Reached skill level 4 in Spellcasting
  1528 | D:2      | Reached XP level 5. HP: 28/28 MP: 5/13
  1528 | D:2      | Reached XP level 6. HP: 32/32 MP: 5/14
  2409 | D:3      | Reached skill level 5 in Spellcasting
  2681 | D:3      | Found a shimmering blue altar of Sif Muna.
  2707 | D:3      | Became a worshipper of Sif Muna the Loreminder
  3134 | D:3      | Found a glowing golden altar of the Shining One.
  3134 | D:3      | Found a sparkling altar of Nemelex Xobeh.
  3536 | D:4      | Learned a level 4 spell: Fulminant Prism
  3541 | D:4      | Learned a level 4 spell: Iskenderun's Mystic Blast
  3753 | D:4      | Reached XP level 7. HP: 36/36 MP: 13/17
  4025 | D:4      | Noticed Dowan
  4031 | D:4      | Noticed Duvessa
  4034 | D:4      | Killed Dowan
  4034 | D:4      | Killed Duvessa
  4035 | D:4      | Reached skill level 1 in Staves
  4035 | D:4      | Reached skill level 6 in Spellcasting
  4035 | D:4      | Reached skill level 1 in Translocations
  4035 | D:4      | Reached skill level 1 in Alchemy
  4035 | D:4      | Reached skill level 1 in Invocations
  4035 | D:4      | Reached skill level 1 in Evocations
  4352 | D:4      | Reached * piety under Sif Muna
  4602 | D:5      | Entered Level 5 of the Dungeon
  4770 | D:5      | Reached XP level 8. HP: 41/41 MP: 11/19
  4960 | D:5      | Found a staircase to the Ecumenical Temple.
  4971 | Temple   | Found a transporter.
  4971 | Temple   | Found a transporter.
  4971 | Temple   | Found a transporter.
  4971 | Temple   | Found a transporter.
  4971 | Temple   | Entered the Ecumenical Temple
  5098 | D:5      | Found a glowing drain.
  5102 | Sewer    | Entered a sewer
  5265 | Sewer    | Gained mutation: You have hidden genetic defects. [potion
                  | of mutation]
  5265 | Sewer    | Gained mutation: You have supernaturally acute eyesight.
                  | (SInv) [potion of mutation]
  5266 | Sewer    | Lost mutation: You have supernaturally acute eyesight.
                  | (SInv) [potion of mutation]
  5266 | Sewer    | Lost mutation: You have hidden genetic defects. [potion of
                  | mutation]
  5266 | Sewer    | Gained mutation: You do not regenerate when monsters are
                  | visible. [potion of mutation]
  5266 | Sewer    | Gained mutation: You have supernaturally acute eyesight.
                  | (SInv) [potion of mutation]
  5266 | Sewer    | Gained mutation: You possess an exceptional clarity of
                  | mind. [potion of mutation]
  5266 | Sewer    | Gained mutation: Your movements are slightly less
                  | encumbered by armour. (ER -2) [potion of mutation]
  5404 | D:5      | Found a sacrificial altar of Ru.
  5438 | D:5      | Found a broken altar of Ashenzari.
  5646 | D:5      | Found Mwindo's Dragon-Slaying Spoils.
  6114 | D:6      | Reached ** piety under Sif Muna
  6115 | D:6      | Reached skill level 7 in Spellcasting
  6267 | D:6      | Reached skill level 1 in Fighting
  6291 | D:6      | Found a runed translucent gate.
  6291 | D:6      | Found a runed translucent gate.
  6291 | D:6      | Found a runed translucent gate.
  6430 | D:6      | Found an opulent altar of Gozag.
  6470 | D:6      | Noticed Doomgape's ghost (novice GrFi)
  6927 | D:6      | Reached XP level 9. HP: 36/47 MP: 19/22
  6964 | D:6      | Reached skill level 8 in Spellcasting
  7793 | D:6      | Killed Doomgape's ghost
  7880 | D:7      | Reached skill level 9 in Spellcasting
  8186 | D:7      | Found the +8 demon blade "Leech" {evervamp, Harm ^Drain
                  | rN+}
  8839 | D:7      | Reached *** piety under Sif Muna
  9315 | D:8      | Reached skill level 10 in Spellcasting
 10023 | D:8      | Reached skill level 5 in Stealth
 10027 | D:8      | Reached XP level 10. HP: 45/52 MP: 19/26
 10178 | D:8      | Found an ancient bone altar of Kikubaaqudgha.
 10181 | D:8      | Found a hide-covered altar of Uskayaw.
 10183 | D:8      | Found a basalt altar of Yredelemnul.
 10184 | D:8      | Found a blossoming altar of Fedhas.
 10184 | D:8      | Found a stormy altar of Qazlal.
 10185 | D:8      | Found a burning altar of Makhleb.
 10212 | D:8      | Found a hazy altar of Hepliaklqana.
 10771 | D:9      | Noticed a two-headed ogre
 10781 | D:9      | Killed a two-headed ogre
 10781 | D:9      | Reached **** piety under Sif Muna
 10782 | D:9      | Reached skill level 11 in Spellcasting
 10782 | D:9      | Reached skill level 10 in Conjurations
 11452 | D:9      | Noticed a two-headed ogre
 11459 | D:9      | Noticed Psyche
 11461 | D:9      | Killed a two-headed ogre
 11462 | D:9      | Reached skill level 12 in Spellcasting
 11465 | D:9      | Killed Psyche
 11860 | D:9      | Reached XP level 11. HP: 32/54 MP: 12/29
 12006 | D:9      | Found an iron altar of Okawaru.
 12056 | D:9      | Noticed Amaemon
 12067 | D:9      | Killed Amaemon
 12067 | D:9      | Reached ***** piety under Sif Muna
 12068 | D:9      | Reached skill level 13 in Spellcasting
 12068 | D:9      | Reached skill level 5 in Translocations
 12311 | D:10     | Entered Level 10 of the Dungeon
 12318 | D:9      | Learned a level 3 spell: Volatile Blastmotes
 12325 | D:9      | Learned a level 6 spell: Starburst
 12741 | D:10     | Noticed Lodul
 12751 | D:10     | Killed Lodul
 12768 | D:10     | Reached skill level 1 in Fire Magic
 13183 | D:10     | Found an ornate altar of the Wu Jian Council.
 13382 | D:10     | Learned a level 3 spell: Dazzling Flash
 13416 | D:11     | Found a staircase to the Lair.
 13526 | D:11     | Found a frozen archway.
 13535 | IceCv    | Entered an ice cave
 13564 | IceCv    | Received a gift from Sif Muna
 13979 | IceCv    | Reached skill level 14 in Spellcasting
 14338 | IceCv    | Noticed a death yak
 14368 | IceCv    | Killed a death yak
 14766 | IceCv    | Reached XP level 12. HP: 47/64 MP: 9/32
 14905 | IceCv    | Identified the +0 plate armour of Makhleb's Delight {rN+
                  | Str+2}
 15180 | IceCv    | Engulfed by a cloud of freezing vapour

Illustrated notes

Levels and vault maps discovered:
D:1:      lightli_molten_gateway, layout_loops_cross
D:2:      layout_basic, minivault_11, uniq_natasha, uniq_sigmund
D:3:      layout_basic, nicolae_sif_muna_condensation,
          gammafunk_temple_overflow_statue
D:4:      layout_cave_pools, minmay_divided_ellipse, uniq_duvessa
D:5:      layout_rooms, mainiacjoe_overflow_alcove_1,
          ashenzari_conservatory_becter, minmay_temple_entry_antechambers,
          mainiacjoe_sewer_entry_somewhere_in_here_1, roderic_roman_lattice,
          minmay_misc_feat_doors, nicolae_shop_dragon_depot,
          grunt_decor_arrowhead, patterned_corridor
D:6:      layout_loops_ring, grunt_gozag_statues, gammafunk_ghost_icy,
          kennysheep_generic_room_13
D:7:      layout_layer_cave, glass_columns_a
D:8:      layout_loops_cross, lemuel_crystal_altar, grunt_temple_overflow_open,
          enter_bailey_7, grunt_ministairs_3
D:9:      layout_rooms, kennysheep_okawaru_gauntlet, serial_aquarium,
          aquarium_bridge_long_joined [aquarium_subvault_bridge,
          aquarium_subvault_window, aquarium_subvault_window,
          aquarium_subvault_wall, aquarium_subvault_bridge,
          aquarium_subvault_balcony], aquarium_window_double, aquarium_window_1,
          aquarium_window_fake, aquarium_view_4, aquarium_balcony_3a,
          aquarium_pool_side, uniq_amaemon, uniq_psyche
D:10:     layout_rooms, amcnicky_altar_gilded, nicolae_lava_and_water,
          uniq_lodul
D:11:     layout_basic, lair_entry_dummy, portal_ice_cave_entry_pillars_1,
          uniq_harold, uniq_maurice
Temple:   hellmonk_temple_divided_pantheon
IceCv:    ice_cave_caverns_01

Skill      XL: |  1  2  3  4  5  6  7  8  9 10 11 |
---------------+----------------------------------+-----
Conjurations   | 5 6 7 8 9 11 12 | 12.7
Armour         | 1 2 |  2.4
Spellcasting   | 4 5 6 7 10 12 14 | 14.7
Staves         | 2 3 |  3.0
Stealth        | 3 5 |  5.6
Translocations | 1 3 4 6 |  6.1
Alchemy        | 1 3 |  3.5
Invocations    | 1 2 |  2.1
Evocations     | 1 3 |  3.7
Dodging        | 3 4 |  4.8
Fighting       | 1 2 |  2.5
Fire Magic     | 4 |  4.3
Hexes          | |  0.2

Action                     |  1- 3 |  4- 6 |  7- 9 | 10-12 || total
---------------------------+-------+-------+-------+-------++-------
  Melee: Rapier            |       |     4 |       |       ||     4
         Punch             |       |     2 |     2 |     1 ||     5
         Staff             |       |       |    28 |    33 ||    61
   Cast: Magic Dart        |    32 |   102 |   156 |   112 ||   402
         Searing Ray       |     2 |     7 |    43 |    62 ||   114
         Fulminant Prism   |       |       |    11 |    14 ||    25
         Iskenderun's Myst |       |       |    12 |    48 ||    60
         Dazzling Flash    |       |       |       |     2 ||     2
         Volatile Blastmot |       |       |       |     1 ||     1
    Use: Scroll            |       |     4 |     5 |     6 ||    15
         Potion            |       |       |     2 |     2 ||     4
 Armour: Leather armour    |     6 |    11 |    50 |   104 ||   171
  Dodge: Dodged            |     6 |     8 |    49 |    77 ||   140
